 Dungeon Crawl Stone Soup version 0.31-a0-1265-gaa4636e842 (webtiles) character file.

Game seed: 1573232136931384056

130 night the Shooter (level 5, 0/41 HPs)
             Began as a Formicid Hunter on Dec 16, 2023.
             Slain by a centaur (1 damage)
             ... on level 4 of the Dungeon.
             The game lasted 00:03:37 (2134 turns).

night the Shooter (Formicid Hunter)                 Turns: 2134, Time: 00:03:37

Health: 0/41       AC:  4    Str: 15    XL:     5   Next: 36%
Magic:  5/5        EV: 13    Int:  9    God:
Gold:   177        SH:  0    Dex: 19    Spells: 4/4 levels left

rFire   . . .        a - +0 shortbow
rCold   . . .        (no shield)
rNeg    . . .        c - +0 leather armour
rPois   .            (helmet unavailable)
rElec   .            (no cloak)
rCorr   .            t - +0 pair of gloves
SInv    +            (no boots)
Will    .....        (no amulet)
Stlth   ++           (no ring)
HPRegen 0.26/turn    (no ring)
MPRegen 0.09/turn

%: no passive effects
@: mighty
A: permanent stasis, dig shafts and tunnels, antennae 3, four strong arms
a: Dig, Shaft Self


You were on level 4 of the Dungeon.
You visited 1 branch of the dungeon, and saw 4 of its levels.

You collected 177 gold pieces.

Inventory:

Hand Weapons
 a - a +0 shortbow (weapon)
Missiles
 f - 6 boomerangs
 j - 23 stones
 k - 5 atropa-tipped darts
 m - 4 poisoned darts
Armour
 c - a +0 leather armour (worn)
 t - a +0 pair of gloves (worn)
Jewellery
 p - a +6 ring of dexterity
Wands
 l - a wand of paralysis (10)
Scrolls
 b - a scroll of butterflies
 d - 4 scrolls of teleportation {unknown}
 e - a scroll of summoning {unknown}
 g - 2 scrolls of enchant armour {unknown}
 i - 3 scrolls of identify {unknown}
 n - 2 scrolls of noise {unknown}
 o - a scroll of fear {unknown}
 q - a scroll of poison {unknown}
 s - 2 scrolls of fog {unknown}


   Skills:
 + Level 3.3 Fighting
 * Level 5.2 Ranged Weapons
 + Level 2.7 Dodging
 - Level 1.2 Stealth


You had 4 spell levels left.
You didn't know any spells.
Your spell library contained the following spells:

 Spells                   Type           Power      Damage    Failure   Level
 Lesser Beckoning         Tloc           0%         N/A       58%         2
 Gell's Gravitas          Tloc           0%         N/A       83%         3
 Teleport Other           Tloc           0%         N/A       83%         3


Dungeon Overview and Level Annotations

Branches:
Dungeon (4/15)
 Temple: D:4-7

Altars:
Elyvilon
Okawaru
Sif Muna


Innate Abilities, Weirdness & Mutations

You cannot be hasted, slowed, berserked, paralysed or teleported.
You can dig through walls and to a lower floor.
You have a pair of large antennae on your head. (SInv)
Your four strong arms can wield two-handed weapons with a shield.


Message History

The centaur hits you.
* * * LOW HITPOINT WARNING * * *
The centaur kicks you but does no damage.
The centaur hits you.
* * * LOW HITPOINT WARNING * * *
The centaur kicks you.
* * * LOW HITPOINT WARNING * * *
You feel better. The centaur barely misses you. x2
You shoot an arrow.
The arrow hits the centaur but does no damage.
The centaur is heavily wounded.
The centaur completely misses you.
The centaur kicks you but does no damage.
The centaur hits you.
* * * LOW HITPOINT WARNING * * *
The centaur barely misses you.
You shoot an arrow. The arrow hits the centaur.
The centaur is severely wounded.
The centaur hits you.
* * * LOW HITPOINT WARNING * * *
The centaur misses you. The centaur hits you.
* * * LOW HITPOINT WARNING * * *
The centaur kicks you but does no damage.
You shoot an arrow. The arrow barely misses the centaur.
The arrow hits the centaur but does no damage.
The centaur is moderately wounded.
The centaur barely misses you. The centaur completely misses you.
The centaur hits you but does no damage.
The centaur closely misses you.
It was a potion of might.
You feel very mighty all of a sudden. The centaur barely misses you.
The centaur kicks you but does no damage.
You shoot an arrow. The arrow barely misses the centaur.
The arrow closely misses the centaur.
The centaur misses you.
The centaur kicks you but does no damage.
The centaur hits you.
* * * LOW HITPOINT WARNING * * *
The centaur kicks you.
You die...

#........#........)....#
#........##.........#...
.#........##.............
###...........##...........#
..#..≈≈≈......##..........#
....≈≈≈≈≈.................#c.
....≈≈_≈≈............c.....c.
....≈≈.≈≈..........##c###.#.#
....≈≈.≈≈..........##@#
....≈≈.≈≈.###########.#
..#.≈...≈. #.# ..# ≈.8.≈ #.#
### .. #.# ..# .## .


You could see 2 centaurs.

Vanquished Creatures
  A hound (D:4)
  2 adders (D:3)
  A gnoll (D:1)
  2 worms
  3 dart slugs
  6 orcs
  3 ball pythons
  8 endoplasms
  3 giant cockroaches
  3 goblins
  3 hobgoblins
  2 quokkas (D:1)
  3 bats
  4 frilled lizards (D:1)
  3 kobolds
  7 rats
54 creatures vanquished.

Notes
Turn   | Place    | Note
-------+----------+-------------------------------------------
     0 | D:1      | night the Formicid Hunter began the quest for the Orb.
     0 | D:1      | Reached XP level 1. HP: 16/16 MP: 1/1
    47 | D:1      | Reached XP level 2. HP: 21/23 MP: 2/2
    51 | D:1      | Reached skill level 2 in Dodging
   327 | D:1      | Reached XP level 3. HP: 28/28 MP: 3/3
   739 | D:2      | Reached XP level 4. HP: 34/34 MP: 4/4
  1366 | D:3      | Reached skill level 5 in Ranged Weapons
  1436 | D:3      | Found a white marble altar of Elyvilon.
  1689 | D:3      | Found a shimmering blue altar of Sif Muna.
  1922 | D:4      | Reached XP level 5. HP: 29/41 MP: 5/5
  1995 | D:4      | Found an iron altar of Okawaru.
  2116 | D:4      | Noticed a centaur
  2116 | D:4      | Noticed a centaur
  2119 | D:4      | HP: 6/41 [centaur/arrow (10)]
  2128 | D:4      | HP: 5/41 [centaur (2)]
  2134 | D:4      | HP: 1/41 [centaur (3)]
  2134 | D:4      | Slain by a centaur

Illustrated notes

Levels and vault maps discovered:
D:1:      lightli_arrival_noodles, layout_basic
D:2:      layout_loops_ring
D:3:      layout_basic, old_standard_altar, lemuel_blue_sif_altar
D:4:      layout_basic, mainiacjoe_overflow_catwalk, minmay_manual_mares,
          uniq_duvessa

Skill      XL: |  1  2  3  4 |
---------------+-------------+-----
Dodging        | 2 |  2.7
Fighting       | 3 |  3.3
Ranged Weapons | 5 |  5.2
Stealth        | |  1.2

Action                     |  1- 3 |  4- 6 || total
---------------------------+-------+-------++-------
   Fire: Shortbow          |    76 |    70 ||   146
    Use: Potion            |       |     4 ||     4
 Armour: Leather armour    |    14 |    36 ||    50
  Dodge: Dodged            |    15 |    31 ||    46

Table legend: (Time is in decaauts)
 A = Elapsed time spent in this place.
 B = Non-inter-level travel time spent in this place.
 C = Inter-level travel time spent in this place.
 D = Time resting spent in this place.
 E = Time spent auto-exploring this place.
 F = Levels seen in this place.
 G = Mean time per level.
                   A        B        C        D        E       F      G
               +--------+--------+--------+--------+--------+-----+--------+
         Total |   2162 |   2109 |     53 |     77 |   1726 |   4 |  540.5 |
       Dungeon |   2162 |   2109 |     53 |     77 |   1726 |   4 |  540.5 |
               +--------+--------+--------+--------+--------+-----+--------+

Top non-repeatable levels by time:
     D:1: 661 daAuts
     D:2: 646 daAuts
     D:3: 598 daAuts
     D:4: 255 daAuts
